 Dungeon Crawl Stone Soup version 0.24-a0-333-g864f2b5 (webtiles) character file.

Game seed: 9870882044483845901

662 mhoghedin the Grave Robber (level 7, 0/46 HPs)
             Began as a Mummy Necromancer on May 17, 2019.
             Slain by a bullfrog zombie (3 damage)
             ... in an ossuary.
             The game lasted 00:12:26 (4863 turns).

mhoghedin the Grave Robber (Mummy Necromancer)      Turns: 4863, Time: 00:12:27

Health: 0/46       AC:  4    Str: 12    XL:     7   Next: 30%
Magic:  12/12      EV: 12    Int: 15    God:
Gold:   250        SH:  0    Dex: 16    Spells: 4/13 levels left

rFire    x . .     SeeInvis .   i - +8 mithril axe "Arga" {speed, MR+}
rCold    + . .     Gourm    .   (no shield)
rNeg     + + +     Faith    .   a - +0 robe
rPois    ∞         Spirit   .   (no helmet)
rElec    .         Reflect  .   g - scarf {repulsion}
rCorr    .         Harm     .   m - +1 pair of gloves of the Lich-sworn {Dex+3}
MR       +....                  (no boots)
Stlth    ++........             (no amulet)
HPRegen  0.15/turn              f - ring of flight {+Fly, !d}
MPRegen  0.13/turn              (no ring)

@: repel missiles
A: no food or potions, fire vulnerability, cold resistance 1, negative energy
resistance 3, torment resistance, unbreathing
a: Evoke Flight


You were in an ossuary.
You were not hungry.

You visited 1 branch of the dungeon, and saw 5 of its levels.
You also visited: Ossuary.

You collected 250 gold pieces.

Inventory:

Hand Weapons
 i - the +8 mithril axe "Arga" (weapon) {speed, MR+}
   (You found it on level 4 of the Dungeon)

   Attacks with this weapon are significantly faster.
   It affects your resistance to hostile enchantments.
Missiles
 c - 9 boomerangs (quivered)
Armour
 a - a +0 robe (worn)
 g - a scarf of repulsion (worn)
   (You found it on level 1 of the Dungeon)
 m - the +1 pair of gloves of the Lich-sworn (worn) {Dex+3}
   (You found it on level 4 of the Dungeon)

   It affects your dexterity (+3).
Jewellery
 f - a ring of flight (left hand) {+Fly, !d}
   (You found it on level 1 of the Dungeon)
 k - an uncursed ring of fire {rF+, rC-}
   (You took it off a hobgoblin on level 3 of the Dungeon)
Wands
 l - a wand of scattershot (8)
   (You took it off Ijyb on level 4 of the Dungeon)
 o - a wand of polymorph (7)
   (You found it on level 5 of the Dungeon)
Scrolls
 d - 3 scrolls of enchant weapon
 e - 2 scrolls of teleportation
 h - 2 scrolls of blinking {!r}
 j - 3 scrolls of remove curse
 n - a scroll of identify


   Skills:
 + Level 5.1 Axes
 - Level 1.5 Dodging
 - Level 1.5 Stealth
 - Level 3.7 Spellcasting
 - Level 5.9 Necromancy


You had 4 spell levels left.
You knew the following spells:

 Your Spells              Type           Power        Failure   Level  Hunger
a - Pain                  Necr           ###.         1%          1    N/A
b - Animate Dead          Necr           N/A          16%         4    N/A
x - Vampiric Draining     Necr           ###.......   4%          3    N/A
A - Animate Skeleton      Necr           N/A          1%          1    N/A

Your spell library contained the following spells:

 Spells                   Type           Power        Failure   Level  Hunger
 Regeneration             Chrm/Necr      Unusable     N/A         3    N/A

Dungeon Overview and Level Annotations

Branches:
Dungeon (5/15)
 Temple: D:4-7

Altars:
Fedhas
Hepliaklqana
Makhleb
Nemelex Xobeh
Okawaru
Yredelemnul
The Shining One

Shops:
D:5 *


Innate Abilities, Weirdness & Mutations

You do not eat or drink.
Your flesh is vulnerable to fire.
You are immune to poison.
Your flesh is cold resistant. (rC+)
You are immune to negative energy. (rN+++)
You are immune to unholy pain and torment.
You can survive without breathing.


Message History

You destroy the bog mummy!
The hound zombie bites you but does no damage.
There is an open door here.
You closely miss the bog mummy. You hit the hound zombie.
The hound zombie completely misses you. The bog mummy barely misses you.
You can't drink.
You slash the hound zombie! The hound zombie barely misses you.
You hit the bog mummy. You slash the bog mummy!
You hit the bog mummy but do no damage. You slash the bog mummy!
You destroy the bog mummy!
You slash the bog mummy! You closely miss the bog mummy.
The bog mummy barely misses you.
You closely miss the bog mummy. You slice the bog mummy!!
You destroy the bog mummy!
You have reached level 7!
Health restored: 46; MP restored: 12 You hit the hound zombie.
The hound zombie bites you.
You take 3 damage, and have 43/46 hp.
You slash the hound zombie!
You destroy the hound zombie!
No target in view! 2 zombies come into view.
The worker ant zombie moves out of view.
There is an open door here.
A mummy comes into view.
A centaur zombie comes into view.
You closely miss the bullfrog zombie. The bullfrog zombie closely misses you.
The bullfrog zombie barely misses you.
You slash the bullfrog zombie! The bullfrog zombie closely misses you.
You slash the bullfrog zombie!
The bullfrog zombie hits you but does no damage.
You barely miss the bullfrog zombie.
The bullfrog zombie hits you but does no damage.
You barely miss the bullfrog zombie. The bullfrog zombie hits you. x2
You take 5 damage, and have 39/46 hp.
You slash the bullfrog zombie!
You destroy the bullfrog zombie!
You slash the worker ant zombie!
The worker ant zombie barely misses you.
You slash the worker ant zombie!
A bog mummy comes into view.
The worker ant zombie barely misses you.
You slash the worker ant zombie!
You destroy the worker ant zombie!
You slash the centaur zombie! The centaur zombie hits you.
You take 2 damage, and have 38/46 hp.
You hit the centaur zombie but do no damage.
The centaur zombie hits you.
You take 5 damage, and have 33/46 hp.
You barely miss the centaur zombie.
The centaur zombie completely misses you.
You barely miss the mummy.
A bog mummy opens the door.
You slash the mummy!
A bullfrog zombie comes into view.
You slash the mummy!
You destroy the mummy!
You slash the centaur zombie! The centaur zombie hits you.
You take 3 damage, and have 31/46 hp.
You slash the centaur zombie! The centaur zombie hits you.
The centaur zombie misses you.
You take 4 damage, and have 27/46 hp.
You are too injured to fight recklessly!
You are too injured to fight recklessly!
You are too injured to fight recklessly!
You are too injured to fight recklessly!
You barely miss the centaur zombie. The centaur zombie barely misses you.
You hit the centaur zombie. The centaur zombie misses you.
You slash the centaur zombie!
You destroy the centaur zombie!
Your Axes skill increases to level 5!
You barely miss the bullfrog zombie.
The bullfrog zombie hits you but does no damage.
You slice the bullfrog zombie!! The bullfrog zombie hits you.
You take 4 damage, and have 23/46 hp.
You barely miss the bullfrog zombie. The bullfrog zombie hits you.
You take 5 damage, and have 18/46 hp.
You hit the bog mummy. You hit the bog mummy. You closely miss the bog mummy.
The bog mummy hits you.
* * * LOW HITPOINT WARNING * * *
You take 5 damage, and have 13/46 hp.
You hit the bog mummy.
Unknown command.
You hit the bog mummy. The bog mummy hits you!
* * * LOW HITPOINT WARNING * * *
You take 10 damage, and have 3/46 hp.
MASSIVE DAMAGE!!
You hit the bog mummy. You slash the bog mummy!
You destroy the bog mummy!
There is an open door here.
You slash the bullfrog zombie! The bullfrog zombie hits you.
* * * LOW HITPOINT WARNING * * *
You take 1 damage, and have 3/46 hp.
You closely miss the bullfrog zombie. The bullfrog zombie closely misses you.
You barely miss the bullfrog zombie. The bullfrog zombie hits you.
You die... #≈≈ #MM

#≈#####M###
≈.≈≈≈...'.#
#####.#
#∩..#)+
#.∩.#.# #
#...#.+
##'##'##@##.#
≈...≈..Z....+
#≈≈≈#+#+#'#+#
# .# ##


You could see a bullfrog zombie.

Vanquished Creatures
  A sky beast (D:5)
  An ogre (D:4)
  A bullfrog zombie (Ossuary)
  A centaur zombie (Ossuary)
  A bullfrog skeleton (D:5)
  Ijyb (D:4)
  A worker ant (D:5)
  2 hound zombies
  6 mummies (Ossuary)
  A worker ant zombie (Ossuary)
  3 gnolls (D:5)
  4 adders
  A shadow imp (D:5)
  An ooze (D:3)
  An adder skeleton (D:4)
  2 worms
  2 dart slugs
  A leopard gecko (D:1)
  8 orcs
  8 bats
  4 giant cockroaches
  6 goblins
  12 hobgoblins
  6 jackals (D:5)
  A quokka (D:3)
  5 frilled lizards
  11 kobolds
  A leopard gecko skeleton (D:4)
  6 rats
99 creatures vanquished.

Vanquished Creatures (collateral kills)
  A jackal (D:5)
1 creature vanquished.

Vanquished Creatures (others)
  3 withered plants (Ossuary)
3 creatures vanquished.

Grand Total: 103 creatures vanquished

Notes
Turn   | Place    | Note
-------+----------+-------------------------------------------
     0 | D:1      | mhoghedin the Mummy Necromancer began the quest for the
                  | Orb.
     0 | D:1      | Reached XP level 1. HP: 13/13 MP: 4/4
    73 | D:1      | Reached skill level 3 in Spellcasting
    79 | D:1      | HP: 3/13 [goblin/+0 club (1)]
   361 | D:1      | Reached XP level 2. HP: 19/19 MP: 3/6
   750 | D:1      | Learned a level 1 spell: Animate Skeleton
   904 | D:1      | Reached XP level 3. HP: 24/24 MP: 5/8
  1238 | D:2      | Learned a level 3 spell: Vampiric Draining
  1287 | D:2      | Found a glowing golden altar of the Shining One.
  2060 | D:3      | Reached skill level 5 in Necromancy
  2155 | D:3      | Reached XP level 4. HP: 29/30 MP: 4/9
  2269 | D:3      | Found a basalt altar of Yredelemnul.
  2340 | D:3      | Learned a level 4 spell: Animate Dead
  2995 | D:4      | Found the +8 mithril axe "Arga" {speed, MR+}
  3258 | D:4      | Noticed Ijyb
  3265 | D:4      | Killed Ijyb
  3265 | D:4      | Reached skill level 1 in Axes
  3404 | D:4      | Got a pair of jewelled gloves
  3410 | D:4      | Identified the +1 pair of gloves of the Lich-sworn {Dex+3}
                  | (You found it on level 4 of the Dungeon)
  3822 | D:4      | Found a burning altar of Makhleb.
  3822 | D:4      | Noticed an ogre
  3836 | D:4      | Killed an ogre
  3836 | D:4      | Reached skill level 2 in Axes
  3836 | D:4      | Reached XP level 5. HP: 35/35 MP: 3/10
  3971 | D:4      | Got a bloodstained robe
  3982 | D:4      | Identified the +1 robe of New Discoveries {-Tele rN+ Str+2}
                  | (You found it on level 4 of the Dungeon)
  4137 | D:5      | Entered Level 5 of the Dungeon
  4183 | D:5      | Found Ceoditiubb's Assorted Antiques.
  4275 | D:5      | Found a hazy altar of Hepliaklqana.
  4312 | D:5      | Reached skill level 3 in Axes
  4312 | D:5      | Reached XP level 6. HP: 40/41 MP: 11/11
  4327 | D:5      | Found a sparkling altar of Nemelex Xobeh.
  4329 | D:5      | Found a blossoming altar of Fedhas.
  4329 | D:5      | Found an iron altar of Okawaru.
  4330 | D:5      | Noticed a sky beast
  4354 | D:5      | Killed a sky beast
  4401 | D:5      | HP: 5/41 [gnoll/+0 spear (10)]
  4403 | D:5      | HP: 1/41 [gnoll/+0 spear (6)]
  4404 | D:5      | Reached skill level 4 in Axes
  4760 | D:5      | Found a sand-covered staircase.
  4768 | Ossuary  | Entered an ossuary
  4824 | Ossuary  | Reached XP level 7. HP: 46/46 MP: 12/12
  4849 | Ossuary  | Reached skill level 5 in Axes
  4857 | Ossuary  | HP: 3/46 [bog mummy (10)]
  4863 | Ossuary  | Slain by a bullfrog zombie

Levels and vault maps discovered:
D:1:      minmay_arrival_stair_chambers, layout_loops_ring, grunt_decor_cap
D:2:      layout_basic, tso_metal_star
D:3:      lemuel_upstairs_altar, layout_loops_cross, yredelemnul_altar_generic,
          kennysheep_small_spiral
D:4:      layout_loops_corners, bloody_makhleb, uniq_ijyb
D:5:      minmay_clustersquares, layout_basic, lemuel_doored_altar,
          grunt_temple_overflow_open, enter_ossuary_1, serial_shops,
          shop_statue, first_ration, doesnt_xom_only_xom
Ossuary:  ossuary_zaba_flooded

Skill      XL: |  1  2  3  4  5  6  7 |
---------------+----------------------+-----
Spellcasting   | 3 |  3.7
Necromancy     | 5 |  5.9
Axes           | 2 3 4 5 |  5.1
Dodging        | |  1.5
Stealth        | |  1.5

Action                   |  1- 3 |  4- 6 |  7- 9 || total
-------------------------+-------+-------+-------++-------
Melee: Mace              |    12 |     8 |       ||    20
       Broad axe         |       |    58 |    35 ||    93
 Cast: Pain              |   101 |    57 |       ||   158
       Animate Skeleton  |     5 |     1 |       ||     6
       Animate Dead      |       |     4 |       ||     4
       Vampiric Draining |       |     6 |       ||     6
  Use: Scroll            |       |     6 |       ||     6
 Stab: Sleeping          |       |     4 |       ||     4
Armor: Robe              |     9 |    12 |     3 ||    24
Dodge: Dodged            |    27 |    37 |    10 ||    74
       Deflected         |     1 |     1 |       ||     2

Table legend:
 A = Non-vault XP
 B = Vault XP
 C = Vault XP percentage of total XP
 D = Non-vault monster count
 E = Vault monster count
 F = Vault count percentage of total count
                 A         B        C        D         E       F
            +---------+---------+-------+---------+---------+-------
      Total |     600 |     346 |  36.6 |      89 |      11 |  11.0
            +---------+---------+-------+---------+---------+-------
        D:1 |      51 |       0 |   0.0 |      30 |       0 |   0.0
        D:2 |      24 |       0 |   0.0 |      13 |       0 |   0.0
        D:3 |      65 |       0 |   0.0 |      20 |       0 |   0.0
        D:4 |     141 |      36 |  20.3 |       8 |       1 |  11.1
        D:5 |     319 |       0 |   0.0 |      18 |       0 |   0.0
    Ossuary |       0 |     310 | 100.0 |       0 |      10 | 100.0
            +---------+---------+-------+---------+---------+-------

Levels and vault maps discovered:
D:1:      minmay_arrival_stair_chambers, layout_loops_ring, grunt_decor_cap
D:2:      layout_basic, tso_metal_star
D:3:      lemuel_upstairs_altar, layout_loops_cross, yredelemnul_altar_generic,
          kennysheep_small_spiral
D:4:      layout_loops_corners, bloody_makhleb, uniq_ijyb
D:5:      minmay_clustersquares, layout_basic, lemuel_doored_altar,
          grunt_temple_overflow_open, enter_ossuary_1, serial_shops,
          shop_statue, first_ration, doesnt_xom_only_xom
Ossuary:  ossuary_zaba_flooded

Table legend:
 A = Turns spent in this place as a percentage of turns spent in the entire game.
 B = Non-inter-level travel turns spent in this place as a percentage of non-inter-level travel turns spent in the entire game.
 C = Inter-level travel turns spent in this place as a percentage of turns spent in this place.
 D = Turns resting spent in this place as a percentage of non-inter-level travel turns spent in this place.
 E = Turns spent auto-exploring this place as a percentage of non-inter-level travel turns spent in this place.
 F = Non-inter-level travel turns spent in this place divided by the number of levels of this place that you've seen.
                   A       B       C       D       E      F
               +-------+-------+-------+-------+-------+----------------------
         Total | 100.0 | 100.0 |   4.0 |  29.7 |  54.3 | 778.0
       Dungeon |  98.0 |  98.0 |   4.1 |  30.2 |  55.4 | 914.6
       Ossuary |   2.0 |   2.0 |   0.0 |   5.3 |   0.0 |  95.0
               +-------+-------+-------+-------+-------+----------------------

Table legend:
 A = Kills in this place as a percentage of kills in entire the game.
 B = Kills by you in this place as a percentage of kills by you in the entire game.
 C = Kills by friends in this place as a percentage of kills by friends in the entire game.
 D = Other kills in this place as a percentage of other kills in the entire game.
 E = Experience gained in this place as a percentage of experience gained in the entire game.
 F = Experience gained in this place divided by the number of levels of this place that you have seen.
                   A       B       C       D       E      F
               +-------+-------+-------+-------+-------+----------------------
         Total | 100.0 | 100.0 | 100.0 |   N/A | 100.0 | 157.7
       Dungeon |  90.0 |  89.9 | 100.0 |   N/A |  67.2 | 127.2
       Ossuary |  10.0 |  10.1 |   0.0 |   N/A |  32.8 | 310.0
               +-------+-------+-------+-------+-------+----------------------
